 Dungeon Crawl Stone Soup version 0.25-a0-35-g747a2b3c0c (webtiles) character file.

Game seed: 18220326638431208131, levelgen mode: deterministic

39435 Roikka the Blocker (level 14, -7/113 HPs)
             Began as a Formicid Fighter on Oct 17, 2019.
             Was the Champion of Wu Jian.
             Mangled by a meliai
             ... wielding a +1 war axe of electrocution
              (16 damage)
             ... on level 5 of the Lair of Beasts on Oct 18, 2019.
             The game lasted 01:10:56 (14990 turns).

Roikka the Blocker (Formicid Fighter)              Turns: 14990, Time: 01:10:57

Health: -7/113     AC: 17    Str: 29    XL:     14   Next: 39%
Magic:  0/20       EV: 10    Int:  9    God:    Wu Jian [******]
Gold:   1283       SH: 16    Dex: 11    Spells: 13/13 levels left

rFire    + + .     SeeInvis +   a - +6 scythe (vamp)
rCold    . . .     Gourm    .   c - +2 shield
rNeg     + . .     Faith    .   B - +4 ring mail {rPois}
rPois    +         Spirit   +   (helmet unavailable)
rElec    .         Reflect  .   N - scarf {Spirit}
rCorr    .         Harm     .   U - +2 pair of gloves of the Five Wars {rF++ rN+ MR-}
MR       .....                  M - +1 pair of boots
Stlth    +.........             z - amulet of regeneration
HPRegen  0.68/turn              t - +4 ring of slaying
MPRegen  0.17/turn              K - +5 ring of strength

@: no status effects
A: permanent stasis, dig shafts and tunnels, four strong arms, antennae 3
a: Dig, Shaft Self, Wall Jump, Serpent's Lash, Heavenly Storm, Renounce Religion


You were on level 5 of the Lair of Beasts.
You worshipped Wu Jian.
Wu Jian was exalted by your worship.
You were very hungry.

You visited 3 branches of the dungeon, and saw 17 of its levels.
You also visited: Ossuary, Gauntlet and Ice Cave.

You collected 1283 gold pieces.

Inventory:

Hand Weapons
 a - a +6 vampiric scythe (weapon)
 b - a +0 great mace
Missiles
 s - a throwing net
 H - 17 curare-tipped darts (quivered)
Armour
 c - a +2 shield (worn)
 B - a +4 ring mail of poison resistance (worn)
 C - a +2 cloak
 M - a +1 pair of boots (worn)
 N - a scarf of spirit shield (worn)
 U - the +2 pair of gloves of the Five Wars (worn) {rF++ rN+ MR-}
   (You found it in a Gauntlet)

   It greatly protects you from fire.
   It protects you from negative energy.
   It affects your resistance to hostile enchantments.
Jewellery
 g - an uncursed ring of positive energy
 j - a +2 ring of evasion
 p - an uncursed ring of fire
 t - a +4 ring of slaying (left hand)
 z - an amulet of regeneration (around neck)
 E - an uncursed ring of fire
 F - an uncursed amulet of faith {unknown}
 K - a +5 ring of strength (right hand)
 L - an uncursed ring of protection from magic
 O - an uncursed ring of protection from magic
 V - an uncursed ring of protection from cold
 Z - an uncursed ring of positive energy
Wands
 n - a wand of random effects (20)
 w - a wand of digging (3)
 A - a wand of paralysis (19)
 G - a wand of acid (4)
 I - a wand of clouds (5)
 J - a wand of polymorph (2)
 P - a wand of enslavement (13)
 Q - a wand of scattershot (13)
Scrolls
 l - 2 scrolls of torment
 m - 11 scrolls of remove curse
 u - 5 scrolls of amnesia
 T - 2 scrolls of immolation
 W - a scroll of magic mapping
Potions
 d - 2 potions of might
 h - 3 potions of flight
 i - 3 potions of invisibility {unknown}
 k - 5 potions of heal wounds
 o - 3 potions of brilliance {unknown}
 q - 2 potions of berserk rage {unknown}
 r - a potion of ambrosia {unknown}
 v - 13 potions of curing
 D - 4 potions of lignification
 R - 2 potions of agility
 S - 2 potions of resistance
 Y - a potion of mutation {unknown}
Miscellaneous
 e - a lightning rod (4/4)
 y - a lamp of fire
 X - a phial of floods
Comestibles
 f - 27 rations
 x - 25 chunks of flesh


   Skills:
 + Level 11.4 Fighting
 - Level 3.3 Maces & Flails
 + Level 13.1 Polearms
 + Level 11.5 Armour
 + Level 13.8 Shields
 + Level 8.0 Evocations


You had 13 spell levels left.
You didn't know any spells.
Your spell library contained the following spells:

 Spells                   Type           Power        Failure   Level  Hunger
 Corona                   Hex            #......      47%         1    ##.....
 Sandblast                Erth           #.....       47%         1    ##.....
 Sting                    Conj/Pois      #...         47%         1    ##.....
 Summon Small Mammal      Summ           #...         47%         1    ##.....
 Call Imp                 Summ           #.......     63%         2    ###....
 Ensorcelled Hibernation  Hex/Ice        #.....       63%         2    ###....
 Passwall                 Tmut/Erth      #.......     63%         2    ###....
 Sticks to Snakes         Tmut           #.......     63%         2    ###....
 Call Canine Familiar     Summ           #.......     85%         3    ####...
 Confuse                  Hex            #.......     85%         3    ####...
 Dazzling Spray           Conj/Hex       #.....       85%         3    ####...
 Spider Form              Tmut/Pois      #.........   85%         3    ####...
 Stone Arrow              Conj/Erth      #.....       85%         3    ####...
 Summon Guardian Golem    Hex/Summ       #.......     85%         3    ####...
 Tukima's Dance           Hex            #.......     85%         3    ####...
 Olgreb's Toxic Radiance  Pois           #.......     99%         4    #####..
 Petrify                  Tmut/Erth      #.......     99%         4    #####..
 Summon Ice Beast         Ice/Summ       #.......     99%         4    #####..
 Summon Lightning Spire   Summ/Air       #.......     99%         4    #####..
 Agony                    Necr           #.......     100%        5    ######.
 Alistair's Intoxication  Tmut/Pois      #.......     100%        5    ######.
 Lee's Rapid Deconstruct  Erth           #.........   100%        5    ######.
 Metabolic Englaciation   Hex/Ice        #.........   100%        5    ######.
 Silence                  Hex/Air        #.........   100%        5    ######.
 Venom Bolt               Conj/Pois      #.........   100%        5    ######.
 Conjure Ball Lightning   Conj/Air       #.........   100%        6    #######
 Deflect Missiles         Chrm/Air       #.........   100%        6    #######
 Statue Form              Tmut/Erth      #........    100%        6    #######
 Tornado                  Air            #.........   100%        9    #######


Dungeon Overview and Level Annotations

Branches:
Dungeon (11/15)            Temple (1/1) D:7            Lair (5/6) D:8
 Shoals (0/4) Lair:3        Snake (0/4) Lair:3          Orc (0/2) D:11
Ossuary (visited)           IceCv (visited)         Gauntlet (visited)
  Slime: Lair:5-6

Altars:
Ashenzari
Cheibriados
Dithmenos
Elyvilon
Fedhas
Gozag
Hepliaklqana
Kikubaaqudgha
Makhleb
Nemelex Xobeh
Okawaru
Qazlal
Ru
Sif Muna
Trog
Uskayaw
Vehumet
Wu Jian
Xom
Yredelemnul
Zin
The Shining One
Jiyva


Innate Abilities, Weirdness & Mutations

You cannot be hasted, slowed, berserked, paralysed or teleported.
You can dig through walls and to a lower floor.
Your four strong arms can wield two-handed weapons with a shield.
You have a pair of large antennae on your head. (SInv)


Message History

The meliai hits you with a +1 war axe of electrocution!
* * * LOW HITPOINT WARNING * * *
You block the meliai's attack.
The black mamba moves out of view.
You hear a roar!
You closely miss the meliai. The meliai hits you but does no damage.
You are electrocuted!
* * * LOW HITPOINT WARNING * * *
The meliai closely misses you. You block the meliai's attack.
The meliai stings you but does no damage.
The meliai hits you but does no damage. The meliai stings you.
* * * LOW HITPOINT WARNING * * *
You extend your mandibles.
There are monsters nearby!
There are monsters nearby!
There are monsters nearby!
You can't go down here!
Are you sure you want to shaft yourself?
You are feeling very hungry.
The meliai hits you but does no damage.
You are electrocuted!!
You die...

## ... ...## #...#
#P..# {
#########P..# {
{#yy@..##....#
#...tS#####......#
#....{{{ ##.....##
##....{ ###..#.#
##.... ##..# #####
#..# #.P# ##.## {
##..#


You could see a black mamba, a crocodile, a meliai and a killer bee.

Vanquished Creatures
  Kirke (Lair:4)
  Nessos (Lair:4)
  A minotaur (Gauntlet)
  A fire dragon (Lair:1)
  3 hydras
  2 two-headed ogres
  Sonja (Lair:5)
  A fire crab (Gauntlet)
  A glowing orange brain (Gauntlet)
  A necromancer (IceCv)
  4 oklob plants (Lair:3)
  2 ugly things (Gauntlet)
  A manticore (Lair:3)
  Maurice (D:9)
  6 elephants (Lair:3)
  3 ice statues (IceCv)
  5 spiny frogs
  2 black mambas
  2 rime drakes
  The ghost of Tagedieb the Digger, a novice FoEE (D:5)
  12 ice devils (IceCv)
  4 komodo dragons
  A meliai (Lair:5)
  A troll (D:9)
  6 blink frogs
  5 dream sheep (Lair:4)
  Sigmund (D:2)
  6 hippogriffs
  A shadow (D:8)
  A wyvern (D:8)
  A wraith (D:10)
  25 yaks
  4 fire bats (Gauntlet)
  2 hogs
  Eustachio (D:6)
  A hungry ghost (D:9)
  3 nagas (Lair:3)
  Edmund (D:6)
  3 water moccasins
  3 hell hounds (Gauntlet)
  Duvessa (D:6)
  6 porcupines
  5 orc warriors
  2 black bears
  An ice beast (D:9)
  2 phantoms
  3 sky beasts
  A necrophage (D:7)
  5 wolves (Lair:1)
  7 ogres
  4 centaurs
  8 crocodiles
  2 big kobolds
  8 bullfrogs
  A gnoll sergeant (D:7)
  Dowan (D:6)
  2 elf skeletons (D:4)
  3 water moccasin zombies (Ossuary)
  2 scorpions
  A killer bee (Lair:5)
  A howler monkey (D:4)
  8 wights
  A bullfrog zombie (D:6)
  A crimson imp (D:8)
  2 centaur zombies
  2 quasits
  A draconian simulacrum (IceCv)
  7 hounds
  3 jellies
  Crazy Yiuf (D:6)
  7 orc priests
  9 orc wizards
  2 centaur skeletons
  Jessica (D:3)
  Ijyb (D:5)
  2 human skeletons (D:4)
  7 iguanas
  Natasha (thrice) (D:2)
  2 spriggan simulacra (IceCv)
  2 troll simulacra (IceCv)
  8 worker ants
  Terence (D:2)
  A killer bee zombie (D:7)
  A big kobold zombie (Ossuary)
  2 centaur simulacra (IceCv)
  A hound zombie (D:5)
  2 mummies (Ossuary)
  A worker ant zombie (D:7)
  4 gnolls (D:7)
  7 adders
  A howler monkey skeleton (D:4)
  2 naga simulacra (IceCv)
  An ogre simulacrum (IceCv)
  2 shadow imps (D:9)
  2 oozes
  10 adder zombies
  5 worms
  3 dart slugs
  4 leopard geckos
  36 orcs
  7 giant cockroaches
  10 goblins
  7 hobgoblins
  3 jackals (D:3)
  A quokka (D:10)
  11 bats
  4 frilled lizards
  3 gnoll zombies (Ossuary)
  6 hobgoblin zombies (Ossuary)
  27 kobolds
  6 kobold zombies (Ossuary)
  A leopard gecko skeleton (D:8)
  2 orc skeletons (D:4)
  2 orc zombies (Ossuary)
  A quokka skeleton (D:7)
  6 rats
  2 butterflies (Lair:3)
443 creatures vanquished.

Vanquished Creatures (others)
  A kobold (D:5)
  5 demonic plants (Gauntlet)
  9 fungi
  16 plants
31 creatures vanquished.

Grand Total: 474 creatures vanquished

Notes
Turn   | Place    | Note
-------+----------+-------------------------------------------
     0 | D:1      | Roikka the Formicid Fighter began the quest for the Orb.
     0 | D:1      | Reached XP level 1. HP: 18/18 MP: 1/1
   233 | D:1      | Reached XP level 2. HP: 24/24 MP: 2/2
   394 | D:1      | Found a glowing golden altar of the Shining One.
   490 | D:1      | Reached XP level 3. HP: 23/29 MP: 3/3
   828 | D:2      | Found a hide-covered altar of Uskayaw.
   828 | D:2      | Noticed Sigmund
   845 | D:2      | Killed Sigmund
   845 | D:2      | Reached XP level 4. HP: 9/38 MP: 4/4
   845 | D:2      | Reached XP level 5. HP: 10/43 MP: 5/5
   845 | D:2      | Reached XP level 6. HP: 11/49 MP: 6/6
  1157 | D:2      | Noticed Natasha
  1163 | D:2      | Killed Natasha
  1163 | D:2      | Reached skill level 5 in Shields
  1168 | D:2      | Reached skill level 1 in Polearms
  1274 | D:2      | Noticed Natasha
  1281 | D:2      | Killed Natasha
  1329 | D:2      | Noticed Natasha
  1332 | D:2      | Killed Natasha
  1375 | D:2      | Noticed Terence
  1384 | D:2      | Killed Terence
  1449 | D:2      | Found an ornate altar of the Wu Jian Council.
  1464 | D:2      | Became a worshipper of the Wu Jian Council
  1765 | D:2      | You fall into a shaft and drop 1 floor!
  1880 | D:3      | Reached XP level 7. HP: 48/55 MP: 7/7
  1973 | D:2      | Reached skill level 5 in Fighting
  2330 | D:3      | Found a blossoming altar of Fedhas.
  2376 | D:3      | Reached * piety under Wu Jian
  2383 | D:3      | Noticed Jessica
  2386 | D:3      | Killed Jessica
  2440 | D:3      | Found a snail-covered altar of Cheibriados.
  3039 | D:4      | Reached XP level 8. HP: 62/62 MP: 8/8
  3062 | D:4      | Found a sand-covered staircase.
  3066 | D:4      | Reached skill level 5 in Polearms
  3069 | Ossuary  | Entered an ossuary
  3112 | Ossuary  | Reached ** piety under Wu Jian
  3504 | D:4      | Found a white marble altar of Elyvilon.
  3614 | D:4      | Found a basalt altar of Yredelemnul.
  3863 | D:5      | Entered Level 5 of the Dungeon
  3924 | D:5      | Found a shadowy altar of Dithmenos.
  4123 | D:5      | Noticed Ijyb
  4126 | D:5      | Reached XP level 9. HP: 59/68 MP: 9/9
  4127 | D:5      | Reached *** piety under Wu Jian
  4130 | D:5      | Killed Ijyb
  4334 | D:5      | Found a runed translucent gate.
  4335 | D:5      | Found a runed translucent gate.
  4336 | D:5      | Found a runed translucent gate.
  4336 | D:5      | Noticed Tagedieb's ghost (novice FoEE)
  4433 | D:5      | Found a hazy altar of Hepliaklqana.
  4455 | D:5      | Found a radiant altar of Vehumet.
  4792 | D:5      | Killed Tagedieb's ghost
  4904 | D:6      | Noticed Duvessa
  4904 | D:6      | Noticed Dowan
  4917 | D:6      | Killed Duvessa
  4922 | D:6      | Killed Dowan
  4974 | D:6      | Noticed Edmund
  5002 | D:6      | Killed Edmund
  5032 | D:6      | Noticed Eustachio
  5039 | D:6      | Killed Eustachio
  5190 | D:6      | Reached XP level 10. HP: 74/74 MP: 10/10
  5194 | D:6      | Reached **** piety under Wu Jian
  5215 | D:6      | Found a runed translucent door.
  5216 | D:6      | Noticed Crazy Yiuf
  5221 | D:6      | Killed Crazy Yiuf
  5353 | D:6      | Found a burning altar of Makhleb.
  5821 | D:7      | Reached skill level 5 in Armour
  5832 | D:7      | Reached skill level 10 in Polearms
  6085 | D:7      | Found a staircase to the Ecumenical Temple.
  6091 | Temple   | Entered the Ecumenical Temple
  6223 | D:7      | Found a shimmering altar of Xom.
  6226 | D:7      | Found an opulent altar of Gozag.
  6229 | D:7      | Found a glowing silver altar of Zin.
  6668 | D:8      | Noticed a two-headed ogre
  6678 | D:8      | Killed a two-headed ogre
  6678 | D:8      | Reached skill level 10 in Shields
  6826 | D:8      | Reached ***** piety under Wu Jian
  6826 | D:8      | Reached XP level 11. HP: 75/83 MP: 11/11
  7254 | D:8      | Found a staircase to the Lair.
  7307 | D:9      | Found a shattered altar of Ashenzari.
  7414 | D:9      | Found an iron altar of Okawaru.
  7648 | D:9      | Noticed Maurice
  8135 | D:9      | Killed Maurice
  8169 | D:10     | Entered Level 10 of the Dungeon
  8558 | D:9      | Found a snail-covered altar of Cheibriados.
  8795 | D:11     | Noticed a two-headed ogre
  8802 | D:11     | Killed a two-headed ogre
  9060 | D:11     | Found a staircase to the Orcish Mines.
  9297 | Lair:1   | Entered Level 1 of the Lair of Beasts
  9371 | Lair:1   | Found a gate leading to a gauntlet.
  9380 | Gauntlet | Entered a Gauntlet
  9380 | Gauntlet | Found a transporter.
  9382 | Gauntlet | Noticed a fire crab
  9388 | Gauntlet | Found a transporter.
  9393 | Gauntlet | Found a transporter.
  9396 | Gauntlet | Found a transporter.
  9400 | Gauntlet | Found a transporter.
  9403 | Gauntlet | Found a runed translucent door.
  9404 | Gauntlet | Found a transporter.
  9406 | Gauntlet | Found a transporter.
  9406 | Gauntlet | Noticed a hell beast
  9407 | Gauntlet | Found a transporter.
  9416 | Gauntlet | Found a runed translucent door.
  9417 | Gauntlet | Noticed a red ugly thing
  9417 | Gauntlet | Noticed a cyan ugly thing
  9418 | Gauntlet | Noticed a glowing orange brain
  9428 | Gauntlet | Found a transporter.
  9447 | Gauntlet | Found a transporter.
  9451 | Gauntlet | Found a transporter.
  9463 | Gauntlet | Found a transporter.
  9468 | Gauntlet | Noticed an obsidian statue
  9533 | Gauntlet | Killed a fire crab
  9533 | Gauntlet | Reached skill level 1 in Evocations
  9563 | Gauntlet | Reached XP level 12. HP: 57/94 MP: 13/13
  9725 | Gauntlet | Noticed a fire crab
  9742 | Gauntlet | Killed a glowing orange brain
  9765 | Gauntlet | Identified the Volume of Ghastly Contamination
  9770 | Gauntlet | Got a pair of dazzling gloves
  9782 | Gauntlet | Identified the +2 pair of gloves of the Five Wars {rF++ rN+
                  | MR-} (You found it in a Gauntlet)
  9816 | Gauntlet | Noticed a minotaur
  9827 | Gauntlet | Killed a minotaur
  9834 | Gauntlet | Identified the Almanac of Pathos
 10467 | Lair:1   | Noticed a fire dragon
 10486 | Lair:1   | Killed a fire dragon
 10771 | Lair:2   | Reached ****** piety under Wu Jian
 10858 | Lair:2   | Found a frozen archway.
 10864 | IceCv    | Entered an ice cave
 11013 | IceCv    | Reached skill level 5 in Evocations
 11013 | IceCv    | Reached XP level 13. HP: 73/102 MP: 11/16
 11221 | IceCv    | Reached skill level 10 in Armour
 11357 | IceCv    | Reached skill level 10 in Fighting
 11563 | Lair:2   | You fall into a shaft and drop 1 floor!
 11606 | Lair:3   | Found a staircase to the Snake Pit.
 12587 | Lair:3   | Noticed an eight-headed hydra
 12598 | Lair:3   | Killed an eight-headed hydra
 12953 | Lair:3   | Found a staircase to the Shoals.
 13054 | Lair:3   | HP: 4/104 [acid (9)]
 13429 | Lair:3   | Got a spiked ring mail
 13440 | Lair:3   | Identified the cursed +1 ring mail of Card Tricks {rN+
                  | Regen+ Dex+4} (You found it on level 3 of the Lair of
                  | Beasts)
 13794 | Lair:4   | Noticed a seven-headed hydra
 13801 | Lair:4   | Killed a seven-headed hydra
 13826 | Lair:4   | Noticed Kirke
 13902 | Lair:3   | Reached XP level 14. HP: 111/111 MP: 17/19
 13912 | Lair:4   | Killed Kirke
 14178 | Lair:4   | Upgraded the game from 0.25-a0-24-g72dcfe0359 to
                  | 0.25-a0-35-g747a2b3c0c
 14189 | Lair:4   | Noticed Nessos
 14226 | Lair:4   | Killed Nessos
 14872 | Lair:5   | Noticed Sonja
 14882 | Lair:5   | Killed Sonja
 14990 | Lair:5   | Mangled by a meliai

Levels and vault maps discovered:
D:1:      dpeg_arrival_lava_temple_mockup, layout_rooms, tso_altar
D:2:      layout_basic, nicolae_overflow_crystal_walls, lemuel_tele_altar,
          uniq_sigmund, uniq_natasha, uniq_terence
D:3:      layout_basic, nicolae_overflow_hidden_temple, fedhas_altar_2,
          first_ration, uniq_jessica
D:4:      layout_loops_ring, elyvilon_altar_3, nicolae_ossuary_entry_catacombs,
          yredelemnul_altar_generic
D:5:      layout_basic, kennysheep_mini_moat, kennysheep_little_box,
          gammafunk_ghost_nasty_kobolds, grunt_dithmenos_shadows, uniq_ijyb
D:6:      layout_rooms, old_standard_altar, uniq_edmund,
          uniq_crazy_yiuf_cottage, uniq_duvessa, uniq_eustachio
D:7:      layout_basic, grunt_temple_overflow_diamond,
          minmay_temple_entry_proselytizer, grunt_ogre_cave, st_stairs_4,
          minivault_19
D:8:      layout_cave_pools, grunt_lair_entry_orc_guard_hut
D:9:      lemuel_upstairs_altar, layout_irregular_city, evilmike_ruin_ashenzari,
          serial_park_tiny_1, okawaru_trees_1, uniq_maurice
D:10:     layout_loops_ring, due_unseen_surprise
D:11:     layout_basic, orc_0_dummy
Temple:   pf_slimified_temple
Lair:1:   dragon1_lemuel, layout_hall_layers, gauntlet_entry_generic,
          beast_lair_carwin_5
Lair:2:   layout_regular_city, portal_ice_cave_entry_pillars_2,
          lemuel_fruit_tree
Lair:3:   layout_cave_pods, minmay_shoals_entry_beasts,
          minmay_snake_entry_guardpost_small, infiniplex_staircase_pool,
          grunt_megastairs_1, serial_bayou_shore_b, lemuel_fruit_fields,
          minmay_lair_oklob_chamber
Lair:4:   layout_regular_city, serial_bayou_shore_b, uniq_nessos, uniq_kirke
Lair:5:   regret_index_combs_of_tragedy, layout_small_grid,
          chequers_serial_rivers_small_a, grunt_megastairs_2, uniq_sonja

Skill      XL: |  1  2  3  4  5  6  7  8  9 10 11 12 13 14 |
---------------+-------------------------------------------+-----
Shields        | 4 5 7 9 10 11 12 13 | 13.8
Fighting       | 4 5 6 8 9 10 11 | 11.4
Maces & Flails | 3 |  3.3
Armour         | 4 6 8 9 11 | 11.5
Polearms       | 2 4 7 9 10 11 12 13 | 13.1
Evocations     | 1 5 7 8 |  8.0

Action                   |  1- 3 |  4- 6 |  7- 9 | 10-12 | 13-15 || total
-------------------------+-------+-------+-------+-------+-------++-------
Melee: Flail             |    92 |     2 |       |       |       ||    94
       Scythe            |       |   104 |   378 |   571 |   371 ||  1424
       Great mace        |       |       |       |       |    14 ||    14
       Unarmed           |       |       |       |       |     1 ||     1
Throw: Boomerang         |       |     1 |     7 |       |       ||     8
       Dart              |       |       |     6 |     6 |     3 ||    15
Invok: Lunge             |       |       |     4 |    13 |     4 ||    21
       Whirlwind         |       |       |    11 |    43 |    36 ||    90
 Abil: Dig               |       |     3 |     1 |     2 |     7 ||    13
       Shaft Self        |       |       |       |       |     1 ||     1
Evoke: Wand              |       |       |       |     1 |     7 ||     8
       Lightning rod     |       |       |       |       |     4 ||     4
       Lamp of fire      |       |       |       |       |     1 ||     1
  Use: Potion            |     1 |       |       |     6 |     1 ||     8
       Scroll            |       |     5 |    13 |    10 |     4 ||    32
  Eat: Chunk             |       |     4 |    12 |    13 |     7 ||    36
       Ration            |       |       |       |     2 |     2 ||     4
Armor: Scale mail        |    44 |    27 |       |       |       ||    71
       Chain mail        |       |    17 |    90 |       |       ||   107
       Ring mail         |       |       |    33 |   215 |   124 ||   372
       Skin              |       |       |       |     8 |       ||     8
Dodge: Dodged            |    41 |    39 |   134 |   245 |   113 ||   572
Block: Shield            |    51 |    76 |   248 |   469 |   330 ||  1174

Table legend:
 A = Non-vault XP
 B = Vault XP
 C = Vault XP percentage of total XP
 D = Non-vault monster count
 E = Vault monster count
 F = Vault count percentage of total count
                 A         B        C        D         E       F
            +---------+---------+-------+---------+---------+-------
      Total |   28883 |   27453 |  48.7 |     307 |     134 |  30.4
            +---------+---------+-------+---------+---------+-------
        D:1 |      37 |       0 |   0.0 |      21 |       0 |   0.0
        D:2 |     200 |     309 |  60.7 |      33 |       3 |   8.3
        D:3 |     223 |      37 |  14.2 |      35 |       1 |   2.8
        D:4 |     297 |     232 |  43.9 |       6 |       6 |  50.0
        D:5 |     559 |     561 |  50.1 |      24 |      10 |  29.4
        D:6 |     844 |     615 |  42.2 |      19 |       5 |  20.8
        D:7 |    1267 |     324 |  20.4 |      27 |       4 |  12.9
        D:8 |    2382 |     467 |  16.4 |      22 |       4 |  15.4
        D:9 |    2800 |     485 |  14.8 |      35 |       1 |   2.8
       D:10 |     312 |       0 |   0.0 |       3 |       0 |   0.0
       D:11 |    1324 |       0 |   0.0 |      11 |       0 |   0.0
     Lair:1 |    1673 |    2607 |  60.9 |       8 |       9 |  52.9
     Lair:2 |    3836 |       0 |   0.0 |      17 |       0 |   0.0
     Lair:3 |    8160 |    3731 |  31.4 |      26 |      10 |  27.8
     Lair:4 |    4403 |    4202 |  48.8 |      18 |       6 |  25.0
     Lair:5 |     566 |    2231 |  79.8 |       2 |       5 |  71.4
    Ossuary |       0 |     359 | 100.0 |       0 |      32 | 100.0
      IceCv |       0 |    6327 | 100.0 |       0 |      26 | 100.0
   Gauntlet |       0 |    4966 | 100.0 |       0 |      12 | 100.0
            +---------+---------+-------+---------+---------+-------
